 Dungeon Crawl Stone Soup version 0.26-a0-810-ge1a9524b62 (webtiles) character file.

Game seed: 13522404589830307727

9391 tzalcoatl the Destroyer (level 11, -11/95 HPs)
             Began as a Black Draconian Conjurer on Nov 12, 2020.
             Was a Priest of Sif Muna.
             Mangled by a boulder beetle (36 damage)
             ... on level 11 of the Dungeon.
             The game lasted 01:25:21 (14284 turns).

tzalcoatl the Destroyer (Black Draconian Conjurer) Turns: 14284, Time: 01:25:22

Health: -11/95     AC: 12    Str: 15 (16) XL:     11   Next: 22%
Magic:  13/21      EV: 14    Int: 20 (22) God:    Sif Muna [***...]
Gold:   647        SH:  5    Dex:  9      Spells: 17/24 levels left

rFire    + . .     SeeInvis .   b - +0 dagger (protect)
rCold    . . .     Faith    .   d - +0 buckler
rNeg     . . .     Spirit   .   (armour unavailable)
rPois    .         Reflect  .   K - +2 hat
rElec    +         Harm     .   (no cloak)
rCorr    .         Rampage  .   v - +0 pair of gloves
MR       +....                  q - +1 pair of boots
Stlth    ++........             t - amulet of regeneration
HPRegen  0.65/turn              j - +6 ring of strength
MPRegen  0.17/turn              F - ring of protection from fire

@: no status effects
A: breathe lightning, unfitting armour, blurry vision 1, magic resistance 1,
electricity resistance, cold-blooded, AC +7
a: Breathe Lightning, Channel Magic, Forget Spell, Renounce Religion


You were on level 11 of the Dungeon.
You worshipped Sif Muna.
Sif Muna was most pleased with you.
You visited 2 branches of the dungeon, and saw 12 of its levels.
You also visited: Ossuary.

You collected 647 gold pieces.

Inventory:

Hand Weapons
 b - a +0 dagger of protection (weapon)
Missiles
 p - 23 poisoned darts
 z - an atropa-tipped dart (quivered)
Armour
 d - a +0 buckler (worn)
 q - a +1 pair of boots (worn)
 v - a +0 pair of gloves (worn)
 K - a +2 hat (worn)
Magical Staves
 a - an uncursed staff of air
Jewellery
 j - a +6 ring of strength (left hand)
 t - an amulet of regeneration (around neck)
 F - a ring of protection from fire (right hand)
Wands
 r - a wand of flame (17)
 w - a wand of paralysis (6)
 E - a wand of disintegration (16)
 G - a wand of random effects (21)
 I - a wand of iceblast (5)
Scrolls
 g - 2 scrolls of enchant weapon {unknown}
 h - 2 scrolls of fear
 k - 6 scrolls of remove curse
 l - 4 scrolls of teleportation
 u - 4 scrolls of enchant armour
 x - a scroll of fog
 y - a scroll of blinking
 B - 3 scrolls of immolation {unknown}
 H - a scroll of brand weapon {unknown}
 J - a scroll of magic mapping {unknown}
 L - a scroll of noise {unknown}
Potions
 c - 4 potions of curing
 e - 8 potions of flight
 f - 4 potions of might
 i - 5 potions of lignification
 m - 2 potions of brilliance
 n - a potion of mutation
 o - 2 potions of resistance
 s - a potion of cancellation {unknown}
 A - a potion of magic {unknown}
 C - 2 potions of ambrosia
 D - a potion of berserk rage {unknown}


   Skills:
 + Level 8.6 Fighting
 - Level 0.3 Staves
 - Level 5.0 Dodging
 - Level 2.0 Stealth
 + Level 6.1 Shields
 + Level 7.1 Spellcasting
 - Level 10.0 Conjurations
 - Level 5.0 Translocations
 + Level 4.3 Invocations


You had 17 spell levels left.
You knew the following spells:

 Your Spells              Type           Power        Failure   Level
a - Magic Dart            Conj           ####         1%          1
b - Searing Ray           Conj           #####.       1%          2
c - Iskenderun's Mystic   Conj/Tloc      #####...     4%          4

Your spell library contained the following spells:

 Spells                   Type           Power        Failure   Level
 Apportation              Tloc           ####..       1%          1
 Dazzling Flash           Conj/Hex       ####..       3%          3
 Animate Skeleton         Necr           #.....       10%         1
 Corona                   Hex            #......      10%         1
 Summon Small Mammal      Summ           #...         10%         1
 Fulminant Prism          Conj/Hex       ####......   12%         4


Dungeon Overview and Level Annotations

Branches:
Dungeon (11/15)            Temple (1/1) D:6            Lair (0/6) D:11
Ossuary (visited)
    Orc: D:9-12

Altars:
Ashenzari
Cheibriados
Dithmenos
Elyvilon
Fedhas
Gozag
Hepliaklqana
Kikubaaqudgha
Makhleb
Nemelex Xobeh
Okawaru
Qazlal
Ru
Sif Muna
Trog
Uskayaw
Vehumet
Wu Jian
Xom
Yredelemnul
The Shining One

Shops:
D:4 (

Annotations:
D:10 2 transporters, blank1's ghost, journeyman GrFi


Innate Abilities, Weirdness & Mutations

You can breathe wild blasts of lightning.
Your glossy black scales are hard. (AC +7)
You cannot fit into any form of body armour.
You are resistant to electric shocks. (rElec)
You are cold-blooded and may be slowed by cold attacks.
Scrolls take you a little longer to read.
You are resistant to hostile enchantments. (MR+)


Message History

The boulder beetle is heavily wounded.
You finish channeling your searing ray.
The boulder beetle bites you! The iguana bites you.
Throwing (i - inventory. (/) - cycle)
z - 2 atropa-tipped darts (quivered)
Press: ? - help, Shift-Dir - straight line, f/p - boulder beetle
Aim: a boulder beetle (heavily wounded, chance to blind on hit: 3%)
You throw an atropa-tipped dart.
The atropa-tipped dart hits the boulder beetle.
The boulder beetle resists.
The boulder beetle is heavily wounded.
The boulder beetle bites you!
* * * LOW HITPOINT WARNING * * *
The iguana misses you.
The boulder beetle waves its antennae.
The boulder beetle curls into a ball and begins rolling!
You block the boulder beetle's attack.
The boulder beetle stops rolling and uncurls.
The boulder beetle curls into a ball and begins rolling!
The boulder beetle hits you!!!
You die...

#.?...# #.....#
#.....# #.....#
..... #°....# .....
###.°...# ###.....
#.l○..### #.......
#.B...# #.......
#@....# #.......
#.....# +.......
#>....#####.......
#.................
....................
<...................
....................
......).............
....................


You could see a boulder beetle and an iguana.

Vanquished Creatures
  A hydra (D:11)
  An ugly thing (D:11)
  A black mamba (shapeshifter) (D:11)
  2 centaur skeletons
  A polar bear (D:9)
  A troll (D:10)
  2 wraiths (D:10)
  A wyvern (D:10)
  11 yaks
  Duvessa (D:4)
  4 orc warriors
  4 phantoms
  5 ice beasts
  4 sky beasts
  An eye of draining (D:10)
  A black bear (D:10)
  2 ogres (D:4)
  6 centaurs
  2 wolves (D:9)
  2 big kobolds (D:8)
  A gnoll sergeant (D:9)
  5 bullfrogs
  Dowan (D:4)
  4 scorpions
  The ghost of Sobieck the Chopper, a weakling DDFi (D:4)
  3 wights (D:11)
  2 howler monkeys (D:6)
  2 electric eels (D:9)
  A jelly (D:9)
  2 bullfrog zombies
  A gnoll shaman (D:5)
  7 orc priests
  5 hounds
  7 orc wizards
  Ijyb (D:4)
  An iguana (D:8)
  6 worker ants
  2 centaur simulacra (D:9)
  A hound zombie (D:8)
  A howler monkey zombie (D:11)
  4 mummies
  A worker ant zombie (D:11)
  8 gnolls
  22 adders
  7 white imps
  A worker ant simulacrum (D:9)
  2 ufetubi
  2 oozes
  3 worms
  A dart slug (D:3)
  7 leopard geckos
  32 orcs
  6 ball pythons
  7 giant cockroaches
  6 hobgoblins
  11 jackals
  6 quokkas
  6 bats
  7 frilled lizards
  4 gnoll zombies
  6 goblins
  A goblin zombie (Ossuary)
  A hobgoblin zombie (Ossuary)
  17 kobolds
  3 kobold zombies (Ossuary)
  3 leopard gecko skeletons
  An orc zombie (Ossuary)
  A quokka skeleton (D:4)
  A quokka zombie (D:6)
  9 rats
293 creatures vanquished.

Vanquished Creatures (others)
  A hobgoblin (D:3)
  15 fungi (D:11)
  11 plants (D:11)
27 creatures vanquished.

Grand Total: 320 creatures vanquished

Notes
Turn   | Place    | Note
-------+----------+-------------------------------------------
     0 | D:1      | tzalcoatl the Draconian Conjurer began the quest for the
                  | Orb.
     0 | D:1      | Reached XP level 1. HP: 14/14 MP: 3/3
   725 | D:1      | Reached XP level 2. HP: 22/22 MP: 5/5
  1341 | D:2      | Reached skill level 1 in Fighting
  1356 | D:2      | Reached XP level 3. HP: 28/28 MP: 4/6
  1665 | D:2      | Reached XP level 4. HP: 35/35 MP: 5/8
  1937 | D:2      | Reached skill level 1 in Shields
  2458 | D:2      | Reached XP level 5. HP: 38/41 MP: 4/9
  2721 | D:3      | Reached skill level 5 in Conjurations
  2907 | D:3      | Found a stormy altar of Qazlal.
  3243 | D:3      | Found a basalt altar of Yredelemnul.
  3655 | D:3      | Found a radiant altar of Vehumet.
  3686 | D:3      | Reached XP level 6. HP: 48/48 MP: 9/11
  4148 | D:4      | Noticed Sobieck's ghost (weakling DDFi)
  4150 | D:4      | Found a runed translucent gate.
  4150 | D:4      | Found a runed translucent gate.
  4150 | D:4      | Found a runed translucent gate.
  4215 | D:4      | Noticed a yak
  4216 | D:4      | Noticed a yak
  4220 | D:4      | Noticed a yak
  4221 | D:4      | Noticed a yak
  4230 | D:4      | Noticed a yak
  4238 | D:4      | Killed a yak
  4239 | D:4      | Killed a yak
  4239 | D:4      | Your scales start taking on a glossy black colour.
  4239 | D:4      | Reached XP level 7. HP: 41/56 MP: 7/13
  4239 | D:4      | Gained mutation: You are resistant to electric shocks.
                  | (rElec) [Black Draconian growth]
  4247 | D:4      | Killed a yak
  4247 | D:4      | Reached skill level 6 in Conjurations
  4257 | D:4      | Killed a yak
  4266 | D:4      | Killed a yak
  4266 | D:4      | Reached XP level 8. HP: 17/64 MP: 11/15
  4530 | D:4      | Upgraded the game from 0.26-a0-800-g517d6fe721 to
                  | 0.26-a0-810-ge1a9524b62
  4597 | D:4      | Reached skill level 5 in Spellcasting
  4700 | D:4      | Found Negor's Antique Weapon Boutique.
  4735 | D:4      | Noticed Duvessa
  4746 | D:4      | Learned a level 2 spell: Searing Ray
  4752 | D:4      | Noticed Dowan
  4766 | D:4      | Killed Dowan
  4770 | D:4      | Killed Duvessa
  5123 | D:4      | Noticed Ijyb
  5129 | D:4      | Killed Ijyb
  5325 | D:4      | Found an opulent altar of Gozag.
  5419 | D:4      | Gained mutation: Scrolls take you a little longer to read.
                  | [potion of mutation]
  5419 | D:4      | Gained mutation: You are resistant to hostile enchantments.
                  | (MR+) [potion of mutation]
  5422 | D:4      | Reached skill level 7 in Conjurations
  5424 | D:4      | Killed Sobieck's ghost
  5506 | D:5      | Entered Level 5 of the Dungeon
  5511 | D:5      | Found a sparkling altar of Nemelex Xobeh.
  5778 | D:5      | Reached skill level 5 in Fighting
  6328 | D:5      | Got an ancient trident
  6328 | D:5      | Identified the +2 trident "Banisher" {pain, +Blink rElec
                  | Int-4} (You found it on level 5 of the Dungeon)
  6355 | D:5      | Reached XP level 9. HP: 74/74 MP: 11/18
  6765 | D:6      | Found a shadowy altar of Dithmenos.
  6773 | D:6      | Found a glowing golden altar of the Shining One.
  7298 | D:6      | Found a sand-covered staircase.
  7307 | Ossuary  | Entered an ossuary
  7662 | D:6      | Reached skill level 8 in Conjurations
  7734 | D:6      | Learned a level 4 spell: Iskenderun's Mystic Blast
  7838 | D:6      | Found a staircase to the Ecumenical Temple.
  7843 | Temple   | Entered the Ecumenical Temple
  8105 | Temple   | Became a worshipper of Sif Muna the Loreminder
  8136 | D:6      | Found a blossoming altar of Fedhas.
  8311 | D:6      | Found an iron altar of Okawaru.
  8811 | D:7      | You fall into a shaft and drop 1 floor!
  8965 | D:8      | Reached skill level 1 in Translocations
  9308 | D:8      | Found a stormy altar of Qazlal.
  9358 | D:8      | Reached * piety under Sif Muna
  9396 | D:8      | Reached skill level 5 in Dodging
  9637 | D:8      | Found a sacrificial altar of Ru.
 10144 | D:9      | Found a broken altar of Ashenzari.
 10399 | D:9      | Reached XP level 10. HP: 72/84 MP: 15/20
 10894 | D:9      | Reached skill level 9 in Conjurations
 10998 | D:9      | Reached skill level 1 in Invocations
 11001 | D:9      | Reached ** piety under Sif Muna
 11255 | D:9      | Reached skill level 5 in Shields
 11777 | D:10     | Entered Level 10 of the Dungeon
 11946 | D:10     | Found a transporter.
 12386 | D:10     | Noticed blank1's ghost (journeyman GrFi)
 12397 | D:10     | Found a transporter.
 12747 | D:10     | Reached skill level 10 in Conjurations
 13211 | D:11     | Noticed an eight-headed hydra
 13622 | D:11     | Reached XP level 11. HP: 94/94 MP: 17/21
 13852 | D:11     | Noticed a green ugly thing
 13863 | D:11     | Killed a green ugly thing
 14002 | D:11     | Reached *** piety under Sif Muna
 14006 | D:11     | Killed an eight-headed hydra
 14105 | D:11     | Found a staircase to the Lair.
 14159 | D:11     | Reached skill level 5 in Translocations
 14266 | D:11     | Noticed a boulder beetle
 14284 | D:11     | Mangled by a boulder beetle

Illustrated notes

Levels and vault maps discovered:
D:1:      dpeg_arrival_prison, layout_basic, grunt_decor_cap
D:2:      layout_rooms, minmay_snake_closets
D:3:      kennysheep_six_static_rooms, layout_basic, fiery_altar_vehumet,
          lemuel_round_altar, lemuel_zombie_altar_yredelemnul
D:4:      layout_cave_pods, lemuel_doored_altar, serial_shops, shop_statue,
          gammafunk_ghost_split, uniq_duvessa, uniq_ijyb
D:5:      layout_gridville, eino_tiny_chamber, nemelex_xobeh_ov_fountains_minmay
D:6:      layout_loops_ring, fedhas_bush_and_centaur_altar,
          kennysheep_little_box, minitemple, temple_statues,
          gup_ossuary_entry_pyramid, hangedman_decor_opposing,
          corexii_corridor_pit, minmay_alternating_orb
D:7:      layout_rooms, zin_scriptorium
D:8:      layout_gridville, old_standard_altar, basic_altar
D:9:      statuecave_lemuel, layout_long_grid, evilmike_ruin_ashenzari,
          serial_ice, serial_ice_a, serial_ice_e, serial_ice_d, serial_ice_k,
          serial_ice_g, serial_ice_h, serial_ice_m, serial_ice_c, serial_ice_o,
          serial_ice_f
D:10:     layout_grid_maze, gammafunk_ghost_stat_death
D:11:     layout_gridville, grunt_lair_entry_orc_guard_hut
Temple:   dpeg_chambers_temple

Skill      XL: |  1  2  3  4  5  6  7  8  9 10 11 |
---------------+----------------------------------+-----
Stealth        | 2 |  2.0
Dodging        | 2 3 5 |  5.0
Fighting       | 1 2 3 5 6 8 |  8.6
Spellcasting   | 3 4 6 7 |  7.1
Shields        | 1 2 3 4 5 6 |  6.1
Conjurations   | 5 6 7 8 10 | 10.0
Translocations | 2 4 5 |  5.0
Invocations    | 3 4 |  4.3
Staves         | |  0.3

Action                   |  1- 3 |  4- 6 |  7- 9 | 10-12 || total
-------------------------+-------+-------+-------+-------++-------
Melee: Short sword       |    27 |    63 |    46 |       ||   136
       Dagger            |     4 |       |       |    25 ||    29
       Tailslap          |     1 |     2 |     3 |     4 ||    10
       Unarmed           |       |       |    15 |       ||    15
Throw: Dart              |       |       |       |     1 ||     1
 Cast: Magic Dart        |    49 |   148 |   218 |   167 ||   582
       Searing Ray       |       |       |    53 |    51 ||   104
 Abil: Breathe Lightning |       |       |     2 |     3 ||     5
Evoke: Wand              |       |       |       |     4 ||     4
  Use: Scroll            |       |     1 |    10 |     3 ||    14
       Potion            |       |     1 |     2 |     2 ||     5
 Stab: Sleeping          |     2 |     1 |       |       ||     3
Armor: Skin              |     8 |    18 |   121 |    41 ||   188
Dodge: Dodged            |    15 |    46 |    80 |    92 ||   233
Block: Buckler           |       |     4 |    35 |    25 ||    64

Table legend: (Time is in decaauts)
 A = Elapsed time spent in this place.
 B = Non-inter-level travel time spent in this place.
 C = Inter-level travel time spent in this place.
 D = Time resting spent in this place.
 E = Time spent auto-exploring this place.
 F = Levels seen in this place.
 G = Mean time per level.
                   A        B        C        D        E       F      G
               +--------+--------+--------+--------+--------+-----+--------+
         Total |  14293 |  13987 |    306 |   1625 |   9806 |  13 | 1099.5 |
       Dungeon |  13661 |  13355 |    306 |   1529 |   9590 |  11 | 1241.9 |
        Temple |    285 |    285 |      0 |      0 |    151 |   1 |  285.0 |
       Ossuary |    345 |    345 |      0 |     96 |     65 |   1 |  345.0 |
               +--------+--------+--------+--------+--------+-----+--------+

Top non-repeatable levels by time:
     D:9: 1799 daAuts
     D:4: 1490 daAuts
    D:10: 1420 daAuts
     D:3: 1372 daAuts
     D:2: 1368 daAuts
     D:6: 1342 daAuts
     D:5: 1310 daAuts
     D:1: 1286 daAuts
     D:8: 1169 daAuts
    D:11: 1084 daAuts
 Ossuary: 345 daAuts
  Temple: 285 daAuts
     D:7: 15 daAuts
